 Dungeon Crawl Stone Soup version bcrawl-1.27.8b (webtiles) character file.

Game seed: 3330573573100080009

148471 LostNumber the Sneak (level 3, -4/20 HPs)
             Began as a Vine Stalker Archaeologist on Nov 7, 2020.
             Slain by an iguana (9 damage)
             ... on level 2 of the Dungeon.
             The game lasted 00:01:40 (598 turns).

LostNumber the Sneak (Vine Stalker Archaeologist)    Turns: 598, Time: 00:01:40

Health: -4/20      AC:  5    Str: 14    XL:     3   Next: 33%
Magic:  4/4        EV: 13    Int: 14    God:
Gold:   103        SH:  0    Dex: 12    Spells: 2/2 levels left

rFire    . . .     SeeInvis .   i - +0 short sword
rCold    . . .     Gourm    .   (no shield)
rNeg     . . .     Faith    .   b - +1 robe
rPois    .         Spirit   .   c - +1 hat
rElec    .         Reflect  .   (no cloak)
rCorr    .         Harm     .   p - -2 pair of gloves (curse)
MR       .....                  d - +1 pair of boots
Stlth    +++++.....             (no amulet)
HPRegen  0.46/turn              n - ring of stealth (curse)
MPRegen  0.09/turn              (no ring)

@: no status effects
A: fangs 2, regeneration 1, no potion heal 3, rot immunity, strong jaws
a: no special abilities


You were on level 2 of the Dungeon.
You were not hungry.

You visited 1 branch of the dungeon, and saw 2 of its levels.

You collected 103 gold pieces.

Inventory:

Hand Weapons
 a - a +0 whip
 i - a +0 short sword (weapon)
   (You found it on level 1 of the Dungeon)
Armour
 b - a +1 robe (worn)
 c - a +1 hat (worn)
 d - a +1 pair of boots (worn)
 p - a cursed -2 pair of gloves (worn)
   (You found it on level 2 of the Dungeon)
Jewellery
 n - a cursed ring of stealth (left hand)
   (You found it on level 2 of the Dungeon)
Scrolls
 g - 2 scrolls of magic mapping
Potions
 j - 3 potions of curing {unknown}
 k - 2 potions of agility {unknown}
 m - a potion of degeneration {unknown}
Miscellaneous
 f - a dusty tome
Comestibles
 e - 3 rations {!d!d}
 h - 4 chunks of flesh


   Skills:
 + Level 1.4 Fighting
 * Level 1.3 Short Blades
 - Level 0.8 Maces & Flails
 + Level 3.3 Dodging
 + Level 4.8 Stealth


You had 2 spell levels left.
You didn't know any spells.
Your spell library was empty.

Dungeon Overview and Level Annotations

Branches:
Dungeon (2/12)

Altars:


Innate Abilities, Weirdness & Mutations

You have extremely sharp teeth.
Your natural rate of healing is unusually fast.
Potions cannot restore your health.
You are immune to rotting.
Your bites deal extra damage.


Message History

Wear which item? (? for menu, Esc to quit)
You start putting on your armour.
You continue putting on your pair of gloves. x4
You finish putting on your cursed -2 pair of gloves.
Oops, that feels deathly cold.
A hobgoblin comes into view.
A hobgoblin is nearby!
As you read the scroll labeled SEUJE NEVVEH, it crumbles to dust.
You feel strangely unstable.
It was a scroll of teleportation.
As you read the scroll labeled VANOWN NAETAI, it crumbles to dust.
It is a scroll of amnesia.
You feel forgetful for a moment.
The hobgoblin shouts!
Unknown command.
Your surroundings suddenly seem different.
A frilled lizard comes into view.
The frilled lizard hisses angrily.
An iguana comes into view.
Found a mace.
You completely miss the iguana.
The iguana hisses angrily.
The iguana completely misses you.
You hit the iguana. The iguana closely misses you.
You hit the iguana. The iguana closely misses you.
The frilled lizard closely misses you.
You completely miss the iguana. The iguana closely misses you.
The frilled lizard misses you.
You barely miss the iguana. The iguana barely misses you.
The frilled lizard bites you but does no damage.
You hit the iguana. The iguana closely misses you.
The frilled lizard completely misses you.
You hit the iguana. The iguana bites you. The frilled lizard barely misses you.
You closely miss the iguana. Your bite misses the iguana.
The iguana barely misses you. The frilled lizard closely misses you.
You completely miss the iguana. The iguana barely misses you.
The frilled lizard bites you.
You hit the iguana. Your bite misses the iguana.
The iguana bites you but does no damage.
The frilled lizard misses you.
You hit the iguana but do no damage.
The iguana bites you but does no damage.
The frilled lizard bites you but does no damage.
You hit the iguana. The iguana barely misses you.
The frilled lizard barely misses you.
You barely miss the iguana. The iguana bites you.
The frilled lizard barely misses you.
You barely miss the iguana. The iguana bites you!
* * * LOW HITPOINT WARNING * * *
The frilled lizard closely misses you. The iguana bites you!
You die...

### ..#
#.# ####
##.##
..... ...
.)....#.#
......l@#
#.....l.#
#.##.#..#
.. ....
... .....
..
....#.# .
...#. .#
...... ..


You could see an iguana and a frilled lizard.

Vanquished Creatures
  An ooze (D:1)
  A worm (D:2)
  2 leopard geckos (D:1)
  3 giant cockroaches (D:1)
  2 hobgoblins (D:1)
  6 bats (D:1)
  3 frilled lizards
  2 goblins (D:1)
  4 kobolds
  4 rats
28 creatures vanquished.

Notes
Turn   | Place    | Note
-------+----------+-------------------------------------------
     0 | D:1      | LostNumber the Vine Stalker Archaeologist began the quest
                  | for the Orb.
     0 | D:1      | Reached XP level 1. HP: 11/11 MP: 2/2
    14 | D:1      | Reached skill level 1 in Fighting
    61 | D:1      | Reached XP level 2. HP: 16/16 MP: 3/3
   224 | D:1      | Reached skill level 1 in Short Blades
   376 | D:1      | Reached XP level 3. HP: 20/20 MP: 4/4
   598 | D:2      | Slain by an iguana

Skill      XL: |  1  2 |
---------------+-------+-----
Fighting       | 1 |  1.4
Short Blades   | 1 |  1.3
Maces & Flails | |  0.8
Dodging        | |  3.3
Stealth        | |  4.8

Action                   || total
-------------------------++-------
Melee: Short sword       ||   106
       Whip              ||     7
       Bite              ||     9
  Use: Scroll            ||     2
 Stab: Sleeping          ||     6
  Eat: Chunk             ||     2
Armor: Robe              ||    42
Dodge: Dodged            ||    81
